 Dungeon Crawl Stone Soup version 0.32-a0-12-g7fc57aa741 (webtiles) character file.

Game seed: 2450583345234526244

0 Gargoyl the Trooper (level 1, -1/14 HPs)
             Began as a Gargoyle Berserker on Jan 14, 2024.
             Was a Follower of Trog.
             Slain by a hobgoblin (3 damage)
             ... on level 1 of the Dungeon.
             The game lasted 00:00:04 (47 turns).

Gargoyl the Trooper (Gargoyle Berserker)              Turns: 47, Time: 00:00:05

Health: -1/14      AC:  4    Str: 20    XL:     1   Next: 0%
Magic:  1/1        EV: 11    Int:  7    God:    Trog [*.....]
Gold:   0          SH:  0    Dex:  9    Spells: 0/0 levels left

rFire   . . .        a - +0 hand axe
rCold   . . .        (no shield)
rNeg    + . .        b - +0 animal skin
rPois   ∞            (no helmet)
rElec   +            (no cloak)
rCorr   .            (no gloves)
SInv    .            (no boots)
Will    .....        (no amulet)
Stlth   +            (no ring)
HPRegen 0.22/turn    (no ring)
MPRegen 0.07/turn

%: no passive effects
@: no status effects
A: sickness immunity, AC +2, negative energy resistance 1, electricity
resistance, torment resistance 1, petrification resistance
a: Renounce Religion, Berserk


You were on level 1 of the Dungeon.
You worshipped Trog.
Trog was aware of your devotion.
You visited 1 branch of the dungeon, and saw 1 of its levels.

Inventory:

Hand Weapons
 a - a +0 hand axe (weapon)
Armour
 b - a +0 animal skin (worn)


   Skills:
 + Level 3.2 Fighting
 + Level 2.6 Axes
 + Level 2.1 Armour
 + Level 1.5 Dodging


You couldn't memorise any spells.
You didn't know any spells.
Your spell library was empty.

Dungeon Overview and Level Annotations

Branches:
Dungeon (1/15)

Altars:


Innate Abilities, Weirdness & Mutations

You are immune to sickness and miasma.
Your stone body is resilient. (AC +2)
You are immune to poison.
You resist negative energy. (rN+)
You are resistant to electric shocks. (rElec)
You are resistant to unholy torment.
You are immune to petrification.


Message History

A hobgoblin comes into view.
A hobgoblin comes into view.
The hobgoblin shouts!
A bat comes into view.
The quokka closely misses you.
The bat moves out of view.
There is a stone staircase leading down here.
You barely miss the quokka. The quokka closely misses you. x2
You barely miss the quokka. The quokka bites you.
You hit the quokka.
The quokka is heavily wounded.
The quokka bites you. The hobgoblin hits you. The quokka closely misses you.
Unknown command.
You barely miss the hobgoblin. You barely miss the quokka.
The bat barely misses you. The hobgoblin barely misses you.
The quokka bites you.
You barely miss the hobgoblin. x2; You hit the quokka but do no damage.
The quokka misses you. The hobgoblin hits you.
The hobgoblin hits you but does no damage.
The bat barely misses you.
Unknown command.
You barely miss the hobgoblin. You hit the quokka.
You closely miss the hobgoblin. You closely miss the bat.
The bat hits you but does no damage. The quokka barely misses you.
The hobgoblin hits you but does no damage.
The hobgoblin hits you.
* * * LOW HITPOINT WARNING * * *
The quokka bites you.
* * * LOW HITPOINT WARNING * * *
The hobgoblin misses you.
The hobgoblin hits you but does no damage.
The bat barely misses you.
You closely miss the hobgoblin. You miss the bat. You hit the quokka.
You kill the quokka!
Trog accepts your kill.
You closely miss the hobgoblin. The bat hits you.
* * * LOW HITPOINT WARNING * * *
The hobgoblin hits you but does no damage.
The hobgoblin hits you.
You die...

#.....'##.##....
##...###...##..# #
##'###.....##.# .
#.+(...<.....#.#
##'###.(...##.#.####
##...###...##!........
#.....'##.##.....#####
##...##.#'#....#.....
##.####.##>@g.#.####
### ###..gb......
..........###
............#
##.####.#...# #.
#.#...# # #.......
#.#...#.


You could see 2 hobgoblins and a bat.

Vanquished Creatures
  A quokka (D:1)
1 creature vanquished.

Notes
Turn   | Place    | Note
-------+----------+-------------------------------------------
     0 | D:1      | Gargoyl the Gargoyle Berserker began the quest for the Orb.
     0 | D:1      | Reached XP level 1. HP: 14/14 MP: 1/1
    47 | D:1      | Slain by a hobgoblin

Illustrated notes

Levels and vault maps discovered:
D:1:      dpeg_arrival_rhombi, layout_basic

Action                     || total
---------------------------++-------
  Melee: Hand axe          ||     7
 Armour: Animal skin       ||    14
  Dodge: Dodged            ||    11

Table legend: (Time is in decaauts)
 A = Elapsed time spent in this place.
 B = Non-inter-level travel time spent in this place.
 C = Inter-level travel time spent in this place.
 D = Time resting spent in this place.
 E = Time spent auto-exploring this place.
 F = Levels seen in this place.
 G = Mean time per level.
                   A        B        C        D        E       F      G
               +--------+--------+--------+--------+--------+-----+--------+
         Total |     48 |     48 |      0 |      0 |     33 |   1 |   48.0 |
       Dungeon |     48 |     48 |      0 |      0 |     33 |   1 |   48.0 |
               +--------+--------+--------+--------+--------+-----+--------+

Top non-repeatable levels by time:
     D:1: 48 daAuts
